 Seeded DCSS version 0.29-a0-43-g62a80824bf (webtiles) character file.

Game seed: 16603882162921618398 (custom seed)

5 riojii the Sneak (level 1, 10/10 HPs)
             Began as a Vampire Enchanter on Feb 2, 2022.
             Quit the game on level 1 of the Dungeon.
             The game lasted 00:01:17 (512 turns).

riojii the Sneak (Vampire Enchanter)                 Turns: 512, Time: 00:01:18

Health: 10/10      AC:  5    Str:  7    XL:     1   Next: 66%
Magic:  3/12       EV: 12    Int: 22    God:
Gold:   8          SH:  0    Dex: 14    Spells: 4/4 levels left

rFire   + . .      SeeInvis +   a - +1 dagger
rCold   + + .      Faith    .   (no shield)
rNeg    + + +      Spirit   .   b - +0 robe
rPois   ∞          Reflect  .   e - +0 hat of the Trout {+Inv Int+5}
rElec   .          Harm     .   f - +2 cloak of Negligence {-Tele rPois rF+ MP+9}
rCorr   .          Rampage  .   (no gloves)
Will    .....      NoTele   +   (no boots)
Stlth   +++++.....              (no amulet)
HPRegen 0.03/turn               (no ring)
MPRegen 0.13/turn               (no ring)

@: bloodless
A: bloodless, fangs 3, see invisible, vampiric 1
a: Revivify, Evoke Invisibility


You were on level 1 of the Dungeon.
You visited 1 branch of the dungeon, and saw 1 of its levels.

You collected 8 gold pieces.

Inventory:

Hand Weapons
 a - a +1 dagger (weapon)
Armour
 b - a +0 robe (worn)
 e - the +0 hat of the Trout (worn) {+Inv Int+5}
   (You acquired it on level 1 of the Dungeon)

   Int:       It affects your intelligence (+5).
   +Inv:      It lets you turn invisible.
 f - the +2 cloak of Negligence (worn) {-Tele rPois rF+ MP+9}
   (You acquired it on level 1 of the Dungeon)

   rF:        It protects you from fire.
   rPois:     It protects you from poison.
   MP:        It affects your magic capacity (+9).
   -Tele:     It prevents most forms of teleportation.
Scrolls
 d - a scroll of acquirement
Potions
 c - a potion of invisibility


   Skills:
 + Level 0.1 Fighting
 * Level 1.3 Short Blades
 + Level 2.2 Dodging
 * Level 4.5 Stealth
 + Level 2.0 Spellcasting
 * Level 4.5 Hexes


You had 4 spell levels left.
You didn't know any spells.
Your spell library contained the following spells:

 Spells                   Type           Power      Damage    Failure   Level
 Confusing Touch          Hex            22%        N/A       6%          3
 Tukima's Dance           Hex            22%        N/A       6%          3
 Ensorcelled Hibernation  Hex/Ice        24%        N/A       9%          2
 Dazzling Flash           Conj/Hex       24%        N/A       16%         3
 Portal Projectile        Hex/Tloc       24%        N/A       16%         3
 Call Canine Familiar     Summ           2%         N/A       38%         3
 Leda's Liquefaction      Hex/Erth       6%         N/A       47%         4


Dungeon Overview and Level Annotations

Branches:
Dungeon (1/15)

Altars:


Innate Abilities, Weirdness & Mutations

You do not regenerate when monsters are visible.
You are frail without blood (-20% HP).
You can heal yourself when you bite living creatures.
You are immune to poison.
You have razor-sharp teeth.
You have supernaturally acute eyesight. (SInv)
You are afflicted with vampirism.


Message History

You are too injured to fight recklessly!
You are too injured to fight recklessly!
You are too injured to fight recklessly!
You are too injured to fight recklessly!
You are too injured to fight recklessly!
You are too injured to fight recklessly!
You are too injured to fight recklessly!
You are too injured to fight recklessly!
You hit the hobgoblin.
The hobgoblin is moderately wounded.
The hobgoblin barely misses you.
You hit the hobgoblin.
The hobgoblin is almost dead.
The hobgoblin barely misses you.
You barely miss the hobgoblin.
The hobgoblin is almost dead.
The hobgoblin hits you but does no damage.
You hit the hobgoblin.
You kill the hobgoblin!
You now have 8 gold pieces.
You see here a rat corpse.
HP restored.
Found 17 arrows.
d - 3 scrolls labelled SOOROQ POYTAU
Okay, then.
This is a scroll of acquirement!
Something appears at your feet!
e - the +0 hat of the Trout {+Inv Int+5} You start putting on your armour.
You continue putting on the +0 hat of the Trout {+Inv Int+5}. x4
You finish putting on the +0 hat of the Trout {+Inv Int+5}.
You feel clever. Something appears at your feet!
f - the +2 cloak of Negligence {-Tele rPois rF+ MP+9} You start putting on your armour.
You continue putting on the +2 cloak of Negligence {-Tele rPois rF+ MP+9}. x4
You finish putting on the +2 cloak of Negligence {-Tele rPois rF+ MP+9}.
Unknown command.
Unknown command.
Are you sure you want to abandon this character and quit the game? (Confirm with "yes".)

#...##.##......#
.....##.#......####
..<...'##.........###
.....###.......##....
#...##...............
##.##..........#.##.#
#.##...........#.
#.##..........#.#
#...÷.........#@#
####...........#.(#
##.........#.##.#
##......#..... ..
############## ##


There were no monsters in sight!

Vanquished Creatures
  2 ball pythons (D:1)
  A hobgoblin (D:1)
  3 rats (D:1)
6 creatures vanquished.

Notes
Turn   | Place    | Note
-------+----------+-------------------------------------------
     0 | D:1      | riojii the Vampire Enchanter began the quest for the Orb.
     0 | D:1      | Reached XP level 1. HP: 13/13 MP: 3/3
   498 | D:1      | Identified 3 scrolls of acquirement
   498 | D:1      | Acquired the +0 hat of the Trout {+Inv Int+5}
   505 | D:1      | Acquired the +2 cloak of Negligence {-Tele rPois rF+ MP+9}
   512 | D:1      | Quit the game

Illustrated notes

Levels and vault maps discovered:
D:1:      dpeg_arrival_rhombi, layout_rooms, hellmonk_ecumenical_altar_blasted,
          minmay_misc_feat_five, corexii_leaking_fountain,
          minmay_small_reverse_x

Action                   || total
-------------------------++-------
Melee: Dagger            ||    16
       Bite              ||     4
 Abil: Exsanguinate      ||     1
  Use: Scroll            ||     2
Armor: Robe              ||     3
Dodge: Dodged            ||     8

Table legend: (Time is in decaauts)
 A = Elapsed time spent in this place.
 B = Non-inter-level travel time spent in this place.
 C = Inter-level travel time spent in this place.
 D = Time resting spent in this place.
 E = Time spent auto-exploring this place.
 F = Levels seen in this place.
 G = Mean time per level.
                   A        B        C        D        E       F      G
               +--------+--------+--------+--------+--------+-----+--------+
         Total |    510 |    510 |      0 |    100 |    315 |   1 |  510.0 |
       Dungeon |    510 |    510 |      0 |    100 |    315 |   1 |  510.0 |
               +--------+--------+--------+--------+--------+-----+--------+

Top non-repeatable levels by time:
     D:1: 510 daAuts
